 Dungeon Crawl Stone Soup version 0.20.0-15-g7f486f2 (webtiles) character file.

128292 renl the Sorcerer (level 16, 0/76 HPs)
             Began as a Deep Elf Wizard on June 26, 2017.
             Was the Champion of Vehumet.
             Succumbed to a wolf spider's poison
             ... on level 2 of the Spider Nest on June 28, 2017.
             The game lasted 06:56:54 (25448 turns).

renl the Sorcerer (Deep Elf Wizard)                Turns: 25448, Time: 06:56:58

Health: 0/76       AC: 17    Str:  4      XL:     16   Next: 48%
Magic:  0/67       EV: 11    Int: 32 (35) God:    Vehumet [******]
Gold:   2122       SH:  7    Dex: 13      Spells: 6/58 levels left

rFire    . . .     SeeInvis .   k - staff of power
rCold    . . .     Gourm    +   E - +2 buckler {AC+3}
rNeg     . . .     Faith    .   H - +2 troll leather armour {Snorg}
rPois    .         Spirit   .   v - +0 helmet
rElec    .         Reflect  .   a - +2 cloak
rCorr    .         Harm     .   y - +2 pair of gloves {archery}
MR       +....                  M - +0 pair of boots
Stlth    ++........             s - amulet of the gourmand
Regen    0.7/turn               U - ring of magical power
MPRegen  0.4/turn               P - +4 ring of intelligence

@: lethally poisoned (0 -> -41)
A: no striking features
a: Renounce Religion


You were on level 2 of the Spider Nest.
You worshipped Vehumet.
Vehumet was exalted by your worship.
You were completely stuffed.

You visited 5 branches of the dungeon, and saw 27 of its levels.

You collected 2272 gold pieces.
You spent 150 gold pieces at shops.

Inventory:

Hand Weapons
 h - the +5 flail "Otuhacsa" {holy, +Inv rPois Str+2}
   (You took it off a deep elf knight on level 12 of the Dungeon)

   It has been blessed by the Shining One to cause great damage to the undead
   and demons.
   It affects your strength (+2).
   It protects you from poison.
   It lets you turn invisible.
Missiles
 e - 31 stones (quivered)
Armour
 a - a +2 cloak (worn)
 v - a +0 helmet (worn)
 y - a +2 pair of gloves of archery (worn)
 E - a +2 buckler of protection (worn)
 H - a +2 troll leather armour (worn) {Snorg}
 M - a +0 pair of boots (worn)
Magical Staves
 k - an uncursed staff of power (weapon)
Jewellery
 g - an uncursed amulet of regeneration {unknown}
 s - an amulet of the gourmand (around neck)
 L - an uncursed ring of flight
 N - an uncursed ring of see invisible
 P - a +4 ring of intelligence (right hand)
 U - a ring of magical power (left hand)
Wands
 f - a wand of flame (32/48)
 m - a wand of acid (9/15)
 q - a wand of confusion (10/48)
 t - a wand of paralysis (10/24)
 u - a wand of digging (14/24)
 V - a wand of iceblast (4/15)
 X - a wand of polymorph (4/24)
Scrolls
 l - a scroll of identify
 n - 3 scrolls of blinking
 r - 9 scrolls of magic mapping
 w - 14 scrolls of teleportation
 x - 9 scrolls of remove curse
 G - a scroll of holy word
Potions
 c - a potion of magic
 i - 7 potions of haste
 j - 2 potions of ambrosia
 o - 2 potions of cancellation
 p - 3 potions of heal wounds
 z - 7 potions of curing
 B - 6 potions of brilliance
 K - a potion of agility
 Q - 5 potions of invisibility
Books
 b - a book of the Earth

   Spells                             Type                      Level
   a - Leda's Liquefaction            Hexes/Earth                  4
   b - Bolt of Magma                  Conjuration/Fire/Earth       5
   c - Statue Form                    Transmutation/Earth          6
   d - Iron Shot                      Conjuration/Earth            6
   e - Shatter                        Earth                        9
Miscellaneous
 D - a lightning rod (4/4)
Comestibles
 d - 14 bread rations
 A - 2 chunks of flesh


   Skills:
 - Level 2.4 Dodging
 - Level 2.4 Stealth
 - Level 5.0 Shields
 + Level 21.7 Spellcasting
 + Level 16.3 Conjurations
 + Level 7.4 Charms
 * Level 10.2 Summonings
 + Level 1.2 Necromancy
 + Level 5.4 Translocations
 + Level 11.2 Fire Magic
 - Level 6.8 Air Magic
 - Level 5.0 Poison Magic
 + Level 0.9 Evocations


You had 6 spell levels left.
You knew the following spells:

 Your Spells              Type           Power        Failure   Level  Hunger
a - Fireball              Conj/Fire      #######...   1%          5    None
b - Blink                 Tloc           N/A          1%          2    None
c - Conjure Flame         Conj/Fire      #######.     0%          3    None
d - Mephitic Cloud        Conj/Pois/Air  #######.     1%          3    None
e - Shock                 Conj/Air       ####         0%          1    None
f - Flame Tongue          Conj/Fire      #####        0%          1    None
g - Iskenderun's Battles  Conj/Chrm      #######.     1%          5    None
h - Spellforged Servitor  Conj/Summ      #######...   1%          7    #......
i - Regeneration          Chrm/Necr      ######....   1%          3    None
j - Bolt of Fire          Conj/Fire      #######...   1%          6    None
k - Dragon's Call         Summ           #######...   100%        9    ######.
l - Orb of Destruction    Conj           #######...   1%          7    #......


Dungeon Overview and Level Annotations

Branches:
Dungeon (15/15)            Temple (1/1) D:4            Lair (6/6) D:10
  Swamp (0/4) Lair:4       Spider (3/4) Lair:3        Slime (0/5) Lair:5
    Orc (2/2) D:12            Elf (0/3) Orc:2        Vaults (0/5) D:14
 Depths (0/5) D:15

Altars:
Ashenzari
Cheibriados
Dithmenos
Elyvilon
Fedhas
Gozag
Hepliaklqana
Kikubaaqudgha
Makhleb
Nemelex Xobeh
Okawaru
Qazlal
Ru
Sif Muna
Trog
Uskayaw
Vehumet
Xom
Yredelemnul
Zin
The Shining One
Beogh

Shops:
D:8 [   D:13 ?   Orc:1 }   Orc:2 !*(:

Portals:
Pandemonium: Orc:2
Trove: D:13 (give 19 scrolls of identify)


Message History

You feel much better.
You feel sick.
Something hits your spellforged servitor but does no damage.
Something hits your spellforged servitor!
Something stings your spellforged servitor but does no damage.
The wolf spider hits you!!
* * * LOW HITPOINT WARNING * * *
The wolf spider bites you but does no damage.
* * * LOW HITPOINT WARNING * * *
You feel sick. You block the wolf spider's attack. The wolf spider bites you.
* * * LOW HITPOINT WARNING * * *
You are more poisoned.
The wolf spider poisons you!
The wolf spider hits you but does no damage.
The wolf spider bites you but does no damage.
You feel you are being watched by something.
You feel your power leaking away.
Something hits your battlesphere! x2; Something stings your battlesphere.
Your battlesphere is destroyed!
You climb upwards.
You die...

####..........#.^.#....
##.........##..#...##...
#.........#....##...#..#
#.....^.^.#.....#...#..#
###.............##..#..#
##.##.......#.....#..#...
#...###.....#.....#..#...
##....###.........##.....
###......@......^..^#....#
#.......s.##^......##..<..
#..........#...#...#......
#.................^...^...
####)........#...#........
#........####..^#........
###...#......########.....
#....##...........^.##....
##..##..#.................


You could see a wolf spider.

Vanquished Creatures
  Rupert (Lair:5)
  Frances (Spider:2)
  Roxanne (Spider:2)
  Nessos (Lair:6)
  Snorg (Lair:4)
  Azrael (D:13)
  9 hydras
  2 catoblepae (Lair:6)
  7 centaur warriors
  2 ogre magi (D:15)
  A merfolk avatar (Lair:6)
  12 two-headed ogres
  6 orc high priests (Orc:2)
  2 tengu warriors (D:13)
  Nergalle (D:11)
  Sonja (Lair:2)
  A deep elf knight (D:12)
  A sun demon (Orc:2)
  6 skeletal warriors
  A sea snake (Lair:6)
  An infernal demonspawn (Orc:2)
  A torturous demonspawn (Orc:2)
  A deep elf archer (D:12)
  3 unseen horrors
  Pikel (D:4)
  4 orc knights
  5 orb spiders
  A wolf spider zombie (D:15)
  12 ugly things
  3 orc sorcerers (Orc:2)
  3 oklob plants
  15 deep elf magi (D:12)
  7 wolf spiders
  3 manticores
  A moth of wrath (Spider:2)
  2 centaur zombies
  2 cyclopes
  9 elephants
  6 black mambas
  Maurice (D:10)
  The ghost of promet the Shield-Bearer, a novice DsFi of Qazlal (D:5)
  A torpor snail (Spider:1)
  2 gargoyles
  11 spiny frogs
  9 komodo dragons
  2 efreet (D:13)
  4 demonic crawlers
  A freezing wraith (D:15)
  3 kobold demonologists
  3 rime drakes
  2 tengu conjurers (D:15)
  An ice devil (Orc:2)
  A queen bee (D:11)
  2 hornets (Lair:6)
  9 trolls
  6 jumping spiders
  4 polar bears
  Prince Ribbit (D:6)
  13 blink frogs
  8 hippogriffs
  2 wind drakes (Lair:6)
  10 redbacks
  30 yaks
  4 tarantellas
  A vampire (D:15)
  2 fire elementals (D:13)
  6 wyverns
  3 basilisks
  16 humans (D:14)
  8 vampire mosquitoes
  4 hungry ghosts
  2 wargs (Orc:2)
  5 swamp worms (Lair:4)
  A soldier ant (D:12)
  13 water moccasins
  Duvessa (D:7)
  2 hell hounds (D:13)
  28 orc warriors
  14 porcupines
  3 phantoms
  2 sky beasts
  5 black bears
  2 ice beasts
  An ogre (shapeshifter) (D:12)
  19 wolves
  7 centaurs
  13 ogres
  16 crocodiles
  2 big kobolds
  Blork the orc (D:6)
  A gnoll sergeant (D:8)
  10 bullfrogs
  Dowan (D:7)
  2 wyvern zombies
  A wyvern skeleton (D:9)
  6 scorpions
  24 killer bees
  5 wights
  2 electric eels
  A howler monkey (D:10)
  6 crimson imps
  3 bullfrog zombies
  A bullfrog skeleton (D:9)
  8 hounds
  15 jellies
  17 orc priests
  5 centaur skeletons
  2 iguanas
  4 hell rats (Lair:5)
  35 orc wizards
  11 worker ants
  A hound zombie (D:9)
  2 worker ant zombies
  18 gnolls
  17 adders
  3 shadow imps
  An ooze (D:5)
  4 adder skeletons
  2 worms
  2 dart slugs
  10 leopard geckos
  95 orcs
  3 giant cockroaches
  6 goblins
  6 hobgoblins
  7 jackals (D:7)
  9 quokkas
  A ball python skeleton (D:5)
  6 bats
  14 frilled lizards
  6 kobolds
  A leopard gecko skeleton (D:5)
  7 rats
  5 fungi
  2 plants (Lair:6)
834 creatures vanquished.

Vanquished Creatures (collateral kills)
  An ettin (D:15)
  A two-headed ogre (Orc:2)
  A tengu warrior (D:13)
  3 orc high priests (Orc:2)
  A deep elf knight (D:12)
  A deep troll (D:15)
  2 skeletal warriors (D:13)
  A torturous demonspawn (Orc:2)
  A wolf spider (Spider:1)
  An orc knight (Orc:2)
  2 cyclopes
  2 orb spiders
  A centaur zombie (D:13)
  A gargoyle (D:13)
  A kobold demonologist (D:15)
  A tengu conjurer (D:13)
  3 hellwings (Orc:2)
  2 jumping spiders (Spider:1)
  3 redbacks (Spider:1)
  A tarantella (Spider:1)
  A wraith (D:15)
  A ynoxinul (Orc:2)
  A warg (Orc:2)
  6 orc warriors (Orc:2)
  An ogre (Orc:1)
  A necrophage (D:15)
  A big kobold (D:13)
  A bullfrog (D:15)
  2 killer bees (D:11)
  An electric eel (Spider:1)
  5 orc priests
  An orc wizard (Orc:1)
  2 orcs
54 creatures vanquished.

Vanquished Creatures (others)
  A butterfly (D:4)
  22 fungi
  27 plants
50 creatures vanquished.

Grand Total: 938 creatures vanquished

Notes
Turn   | Place    | Note
-------+----------+-------------------------------------------
     0 | D:1      | renl the Deep Elf Wizard began the quest for the Orb.
     0 | D:1      | Reached XP level 1. HP: 10/10 MP: 7/7
   130 | D:1      | Reached skill level 5 in Spellcasting
   196 | D:1      | Reached XP level 2. HP: 15/15 MP: 6/10
   204 | D:1      | Learned a level 2 spell: Blink
   886 | D:2      | Reached XP level 3. HP: 19/19 MP: 6/12
   891 | D:2      | Learned a level 3 spell: Conjure Flame
  1055 | D:2      | Reached skill level 6 in Spellcasting
  1261 | D:2      | Reached XP level 4. HP: 24/24 MP: 3/14
  1331 | D:2      | Learned a level 3 spell: Mephitic Cloud
  1800 | D:3      | Found a burning altar of Makhleb.
  1800 | D:3      | Found a stormy altar of Qazlal.
  1825 | D:3      | Reached skill level 7 in Spellcasting
  1890 | D:3      | Reached XP level 5. HP: 28/28 MP: 13/16
  2071 | D:4      | Found a shadowy altar of Dithmenos.
  2240 | D:4      | Found a shimmering altar of Xom.
  2309 | D:4      | Found a staircase to the Ecumenical Temple.
  2318 | Temple   | Entered the Ecumenical Temple
  2593 | D:4      | Reached XP level 6. HP: 32/32 MP: 8/18
  2704 | D:4      | Reached skill level 8 in Spellcasting
  2835 | D:4      | Noticed Pikel
  2835 | D:4      | Noticed a slave
  2835 | D:4      | Noticed a slave
  2835 | D:4      | Noticed a slave
  2835 | D:4      | Noticed a slave
  2885 | D:4      | Killed Pikel
  2885 | D:4      | Reached skill level 9 in Spellcasting
  2885 | D:4      | Reached skill level 5 in Conjurations
  2885 | D:4      | Reached skill level 1 in Air Magic
  2885 | D:4      | Reached skill level 1 in Poison Magic
  2885 | D:4      | Reached XP level 7. HP: 23/36 MP: 0/21
  3068 | D:5      | Entered Level 5 of the Dungeon
  3157 | D:5      | Noticed promet's ghost (novice DsFi)
  3229 | D:5      | Killed promet's ghost
  3229 | D:5      | Reached XP level 8. HP: 19/41 MP: 3/23
  3470 | D:5      | Got a warped chain mail
  3511 | D:5      | Reached skill level 10 in Spellcasting
  3519 | D:5      | Reached skill level 1 in Fire Magic
  4030 | D:6      | Noticed Blork the orc
  4042 | D:6      | Killed Blork the orc
  4194 | D:6      | Reached skill level 11 in Spellcasting
  4312 | D:6      | Noticed Prince Ribbit
  4356 | D:6      | Killed Prince Ribbit
  4424 | D:6      | Reached XP level 9. HP: 45/45 MP: 2/26
  4556 | D:6      | Found a radiant altar of Vehumet.
  4567 | D:6      | Became a worshipper of Vehumet
  4577 | D:6      | Found a basalt altar of Yredelemnul.
  4924 | D:6      | Found a white marble altar of Elyvilon.
  5162 | D:6      | Found a sacrificial altar of Ru.
  5218 | D:7      | Found a white marble altar of Elyvilon.
  5374 | D:7      | Reached skill level 12 in Spellcasting
  5635 | D:7      | Reached * piety under Vehumet
  5635 | D:7      | Offered knowledge of Shock by Vehumet.
  5649 | D:7      | Learned a level 1 spell: Shock
  5791 | D:7      | Noticed Duvessa
  5811 | D:7      | Killed Duvessa
  5928 | D:7      | Noticed Dowan
  5957 | D:7      | Killed Dowan
  6376 | Temple   | Identified the +6 chain mail of Disappointment {rCorr} (You found it on level 5 of the Dungeon)
  7004 | D:8      | Reached skill level 13 in Spellcasting
  7059 | D:8      | Found Otout's Armour Boutique.
  7162 | D:8      | Found a snail-covered altar of Cheibriados.
  7171 | D:8      | Reached XP level 10. HP: 40/50 MP: 28/29
  7378 | D:8      | Found a shadowy altar of Dithmenos.
  7726 | D:9      | Found a shattered altar of Ashenzari.
  7767 | D:9      | Reached ** piety under Vehumet
  7767 | D:9      | Offered knowledge of Flame Tongue by Vehumet.
  7767 | D:9      | Reached skill level 5 in Air Magic
  7829 | D:9      | Noticed a cyclops
  7840 | D:9      | Killed a cyclops
  7840 | D:9      | Reached skill level 10 in Conjurations
  7860 | D:9      | Identified a scroll of acquirement
  7900 | D:9      | Learned a level 1 spell: Flame Tongue
  7906 | D:9      | Learned a level 5 spell: Iskenderun's Battlesphere
  8173 | D:10     | Entered Level 10 of the Dungeon
  8323 | D:10     | Noticed Maurice
  8339 | D:10     | Killed Maurice
  8339 | D:10     | Reached skill level 14 in Spellcasting
  8377 | D:10     | Offered knowledge of Throw Flame by Vehumet.
  8604 | Temple   | Learned a level 7 spell: Spellforged Servitor
  8867 | D:10     | Noticed a two-headed ogre
  8873 | D:10     | Killed a two-headed ogre
  9125 | D:10     | Found a staircase to the Lair.
  9223 | D:10     | Killed an unseen horror
  9223 | D:10     | Reached XP level 11. HP: 30/54 MP: 31/31
  9284 | D:11     | Reached *** piety under Vehumet
  9400 | D:11     | Killed an unseen horror
  9518 | D:11     | Noticed Nergalle
  9579 | D:11     | Killed Nergalle
  9613 | D:11     | Killed an unseen horror
  9613 | D:11     | Reached skill level 15 in Spellcasting
  9700 | D:11     | Offered knowledge of Ignite Poison by Vehumet.
 10007 | D:11     | Reached **** piety under Vehumet
 10007 | D:11     | Reached skill level 5 in Fire Magic
 10008 | D:11     | Offered knowledge of Static Discharge by Vehumet.
 10268 | Lair:1   | Entered Level 1 of the Lair of Beasts
 10268 | Lair:1   | Noticed a six-headed hydra
 10308 | Lair:1   | Killed a six-headed hydra
 10687 | Lair:1   | Noticed a six-headed hydra
 10706 | Lair:1   | Killed a six-headed hydra
 10706 | Lair:1   | Reached skill level 16 in Spellcasting
 10746 | Lair:1   | Reached XP level 12. HP: 59/59 MP: 28/34
 11066 | Lair:1   | Got a slimy scale mail
 11143 | Lair:1   | Reached skill level 1 in Charms
 11386 | Lair:2   | Got a creamy pearl robe
 11397 | Lair:2   | Identified the +2 robe of Spring Thaw {rElec MR- Dex+6} (You found it on level 2 of the Lair of Beasts)
 11505 | Lair:2   | Learned a level 3 spell: Regeneration
 11696 | Temple   | Identified the +4 scale mail of Repulsion {Int+3} (You found it on level 1 of the Lair of Beasts)
 11871 | Lair:2   | Noticed Sonja
 11880 | Lair:2   | Killed Sonja
 12395 | Lair:3   | Noticed a four-headed hydra
 12405 | Lair:3   | Killed a four-headed hydra
 12711 | Lair:3   | Found a hole to the Spider Nest.
 12810 | Lair:3   | Reached skill level 17 in Spellcasting
 13417 | Lair:4   | Noticed Snorg
 13432 | Lair:4   | Killed Snorg
 13432 | Lair:4   | Reached skill level 5 in Poison Magic
 13526 | Lair:4   | Reached skill level 1 in Shields
 13639 | Lair:4   | Reached ***** piety under Vehumet
 13821 | Lair:4   | Offered knowledge of Conjure Ball Lightning by Vehumet.
 13876 | Lair:4   | Noticed a six-headed hydra
 13884 | Lair:4   | Killed a six-headed hydra
 14134 | Lair:4   | Found a staircase to the Swamp.
 14401 | Lair:5   | Reached XP level 13. HP: 63/63 MP: 36/36
 14438 | Lair:5   | Reached skill level 1 in Necromancy
 14616 | Lair:5   | Noticed Rupert
 14655 | Lair:5   | Paralysed by Rupert for 4 turns
 14672 | Lair:6   | Entered Level 6 of the Lair of Beasts
 14678 | Lair:6   | Noticed Nessos
 14845 | Lair:5   | Found a staircase to the Slime Pits.
 15195 | Lair:5   | Killed Rupert
 15333 | Lair:6   | Killed Nessos
 15333 | Lair:6   | Reached skill level 18 in Spellcasting
 15440 | Lair:6   | Offered knowledge of Fireball by Vehumet.
 15453 | Lair:6   | Learned a level 5 spell: Fireball
 15754 | Lair:6   | Reached skill level 5 in Summonings
 16342 | Temple   | Learned a level 6 spell: Bolt of Fire
 16352 | Temple   | Learned a level 9 spell: Dragon's Call
 16591 | Lair:6   | Reached XP level 14. HP: 68/68 MP: 35/38
 17024 | Lair:6   | Reached skill level 19 in Spellcasting
 17274 | Lair:6   | Identified Sif Muna's Reference Book on the Compass
 18170 | D:12     | Offered knowledge of Bolt of Draining by Vehumet.
 18411 | D:12     | Reached skill level 5 in Charms
 18704 | D:12     | Reached skill level 5 in Shields
 18744 | D:12     | Got an ebony scythe {speed}
 18750 | D:12     | Got a smoking flail {holy}
 18834 | D:12     | Got a fine bronze ring
 19020 | D:12     | Found a staircase to the Orcish Mines.
 19183 | D:12     | Identified the ring "Pimevats" {rCorr *Drain rElec rPois} (You took it off a deep elf mage on level 12 of the Dungeon)
 19253 | Orc:1    | Entered Level 1 of the Orcish Mines
 19253 | Orc:1    | Found Mefanoodgh's Gadget Shoppe.
 19351 | Orc:1    | Found a runed door.
 19374 | Orc:1    | Offered knowledge of Poison Arrow by Vehumet.
 19416 | Orc:1    | Found a roughly hewn altar of Beogh.
 19708 | Orc:2    | Entered Level 2 of the Orcish Mines
 19815 | Orc:2    | Found Bali's General Store.
 19815 | Orc:2    | Found Pasche's Distillery.
 19953 | Orc:2    | Reached XP level 15. HP: 72/72 MP: 7/40
 19961 | Orc:2    | Reached skill level 15 in Conjurations
 20013 | Orc:2    | Reached skill level 20 in Spellcasting
 20044 | Orc:2    | Reached skill level 10 in Fire Magic
 20258 | Orc:2    | Found Kigatoet's Book Shoppe.
 20258 | Orc:2    | Found Esiolenlai's Antique Weapon Emporium.
 20259 | Orc:2    | Found a one-way gate leading to the halls of Pandemonium.
 20414 | Orc:2    | Found a staircase to the Elven Halls.
 20568 | Orc:2    | Reached ****** piety under Vehumet
 20593 | Orc:2    | Offered knowledge of Bolt of Cold by Vehumet.
 21005 | D:13     | Found a portal to a secret trove of treasure.
 21054 | D:13     | Identified the +7 scythe of the Mind {speed, Fragile rN+ Int+4 Dex+2} (You took it off a deep elf mage on level 12 of the Dungeon)
 21055 | D:13     | Identified the +5 flail "Otuhacsa" {holy, +Inv rPois Str+2} (You took it off a deep elf knight on level 12 of the Dungeon)
 21427 | D:13     | Found Ryosior's Magic Scroll Emporium.
 21430 | D:13     | Bought a scroll of identify for 30 gold pieces
 21430 | D:13     | Bought 3 scrolls of identify for 90 gold pieces
 21430 | D:13     | Bought a scroll of identify for 30 gold pieces
 21441 | D:13     | Noticed Azrael
 21458 | D:13     | Killed Azrael
 22045 | D:14     | Reached skill level 5 in Translocations
 22078 | D:14     | Found a gate to the Vaults.
 22286 | D:14     | Identified the Disquisition on Ghastly Conjuration (You acquired it on level 14 of the Dungeon)
 22758 | D:15     | Entered Level 15 of the Dungeon
 22969 | D:15     | Reached skill level 21 in Spellcasting
 23027 | D:15     | Found a staircase to the Depths.
 23098 | D:15     | Reached XP level 16. HP: 58/76 MP: 25/43
 23103 | D:15     | Offered knowledge of Ozocubu's Refrigeration by Vehumet.
 24044 | Temple   | Learned a level 7 spell: Orb of Destruction
 24241 | Spider:1 | Entered Level 1 of the Spider Nest
 24769 | Spider:2 | Noticed Roxanne
 24953 | Spider:2 | Reached skill level 10 in Summonings
 24965 | Spider:2 | Offered knowledge of Freezing Cloud by Vehumet.
 25067 | Spider:2 | Killed Roxanne
 25118 | Spider:2 | Noticed Frances
 25129 | Spider:2 | Killed Frances
 25448 | Spider:2 | Succumbed to a wolf spider's poison

Skill      XL: |  1  2  3  4  5  6  7  8  9 10 11 12 13 14 15 16 |
---------------+-------------------------------------------------+-----
Spellcasting   | 5 6 7 9 11 13 14 16 17 18 19 21 | 21.7
Conjurations   | 2 3 5 6 7 9 10 12 13 14 15 16 | 16.3
Air Magic      | 1 2 4 6 |  6.8
Poison Magic   | 1 2 3 4 5 |  5.0
Fire Magic     | 1 2 3 5 7 8 9 10 11 | 11.2
Translocations | 2 3 4 5 |  5.4
Charms         | 3 4 5 6 7 |  7.4
Shields        | 2 3 5 |  5.0
Summonings     | 2 5 7 9 10 | 10.2
Necromancy     | 1 |  1.2
Dodging        | |  2.4
Stealth        | |  2.4
Evocations     | |  0.9

Action                   |  1- 3 |  4- 6 |  7- 9 | 10-12 | 13-15 | 16-18 || total
-------------------------+-------+-------+-------+-------+-------+-------++-------
Melee: Unarmed           |     2 |       |       |       |       |       ||     2
       Staff             |       |       |     9 |    10 |     8 |     3 ||    30
Throw: Stone             |       |       |       |       |     1 |       ||     1
 Cast: Magic Dart        |    85 |   125 |   294 |     5 |       |       ||   509
       Conjure Flame     |     2 |     1 |    21 |    79 |    19 |     4 ||   126
       Mephitic Cloud    |       |     7 |    38 |    73 |    90 |    20 ||   228
       Blink             |       |       |     6 |    18 |    43 |    11 ||    78
       Shock             |       |       |    97 |   210 |   104 |    12 ||   423
       Flame Tongue      |       |       |       |   335 |   501 |    81 ||   917
       Iskenderun's Batt |       |       |       |    37 |   124 |    24 ||   185
       Regeneration      |       |       |       |     4 |       |       ||     4
       Fireball          |       |       |       |       |   104 |    25 ||   129
       Bolt of Fire      |       |       |       |       |    51 |    12 ||    63
       Spellforged Servi |       |       |       |       |    19 |     6 ||    25
       Orb of Destructio |       |       |       |       |       |     7 ||     7
 Abil: Evoke Berserk Rag |       |       |       |     1 |       |       ||     1
Evoke: Wand              |       |       |       |       |       |     1 ||     1
  Use: Scroll            |       |       |     9 |    18 |     7 |     1 ||    35
       Potion            |       |       |       |       |       |     2 ||     2
 Stab: Sleeping          |       |       |       |     1 |       |       ||     1
  Eat: Chunk             |     1 |     5 |    13 |    34 |    27 |     7 ||    87
Armor: Robe              |     6 |     2 |    12 |    22 |       |       ||    42
       Troll leather arm |       |       |       |     2 |    27 |    37 ||    66
Dodge: Dodged            |    10 |     8 |    38 |    25 |    35 |    25 ||   141
Block: Buckler           |       |       |       |    17 |    20 |    13 ||    50
